 Dungeon Crawl Stone Soup version 0.30-a0-1074-g5db6f66fbb (webtiles) character file.

Game seed: 1144357806563105979

602705 ryw the Cruiserweight Champion (level 26, 0/230 HPs)
             Began as an Armataur Monk on Apr 11, 2023.
             Was the Champion of Hepliaklqana.
             Succumbed to an ushabti's dark miasma
             ... on level 1 of the Tomb of the Ancients on Apr 13, 2023.
             The game lasted 02:11:02 (68361 turns).

ryw the Cruiserweight Champion (Armataur Monk)     Turns: 68361, Time: 02:11:02

Health: 0/230      AC: 41    Str: 28      XL:     26   Next: 1%
Magic:  5/35       EV:  7    Int: 10 (12) God:    Hepliaklqana [******]
Gold:   8713       SH: 26    Dex: 14 (16) Spells: 41/41 levels left

rFire   + + .      SeeInvis .      - Unarmed
rCold   + + .      Faith    .    J - +5 tower shield of the Teaching Gods {+Blink rC+ Str+3 Int+2}
rNeg    + + +      Spirit   +    p - +13 plate armour "Iblupn" {rN++ Int-3 Slay+4}
rPois   +          Reflect  .    Q - +0 helmet of the Echidna {rCorr Int+2}
rElec   .          Roll     +    G - scarf {rC+ rF+}
rCorr   +          Rage     3%   y - +3 pair of gauntlets of War {Slay+5}
Will    +....                    (no barding) Stlth
                                 Y - amulet "Fuhat" {Spirit rF+}
HPRegen 0.58/turn                u - ring of poison resistance
MPRegen 0.24/turn                L - ring of positive energy

@: lethally poisoned (0 -> -3), weak-willed, marked, flayed, slowed, studying 5
skills, unable to drink, very slow
A: reduced essence, large, rugged brown scales 3, deformed body, armoured tail,
roll, long tongue, awkward tongue, talons 1, iridescent scales 1, berserk 1,
deterioration 1, strong-willed 1, inability to drink after injury 1, noise
suppression
}: 4/15 runes: decaying, silver, abyssal, gossamer
a: Renounce Religion, Evoke Blink, Recall Ancestor, Ancestor Identity,
Transference, Idealise


You were on level 1 of the Tomb of the Ancients.
You worshipped Hepliaklqana.
Hepliaklqana was exalted by your worship.
You visited 10 branches of the dungeon, and saw 46 of its levels.
You visited the Abyss 2 times.
You visited 1 bazaar.
You also visited: Ice Cave.

You collected 10164 gold pieces.
You spent 1451 gold pieces at shops.

Inventory:

Hand Weapons
 f - the +8 Vampire's Tooth {megavamp}
   (You found it on level 1 of the Depths)
 k - a +2 spear of flaming
 Z - a +2 vampiric demon blade
Missiles
 o - 17 atropa-tipped darts
 C - 13 curare-tipped darts
 U - 2 silver boomerangs
Armour
 p - the +13 plate armour "Iblupn" (worn) {rN++ Int-3 Slay+4}
   (You found it on level 5 of the Dungeon)

   Int:       It affects your intelligence (-3).
   Slay:      It affects your accuracy & damage with ranged weapons and melee
   (+4).
   rN:        It greatly protects you from negative energy.
 y - the +3 pair of gauntlets of War (worn) {Slay+5}
   (You bought it in a shop on level 10 of the Dungeon)

   Slay:      It affects your accuracy & damage with ranged weapons and melee
   (+5).
 B - the scarf of Prudence {+Inv, rElec Dex+6 SInv}
   (You acquired it on level 2 of the Depths)

   Dex:       It affects your dexterity (+6).
   rElec:     It insulates you from electricity.
   SInv:      It lets you see invisible.
 G - a scarf of resistance (worn)
 J - the +5 tower shield of the Teaching Gods (worn) {+Blink rC+ Str+3 Int+2}
   (You found it on level 4 of the Lair of Beasts)

   Str:       It affects your strength (+3).
   Int:       It affects your intelligence (+2).
   rC:        It protects you from cold.
   +Blink:    It lets you blink.
 Q - the +0 helmet of the Echidna (worn) {rCorr Int+2}
   (You found it on level 13 of the Dungeon)

   Int:       It affects your intelligence (+2).
   rCorr:     It protects you from acid and corrosion.
Jewellery
 u - a ring of poison resistance (left hand)
 w - a ring of protection from fire
 I - a ring of flight
 L - a ring of positive energy (right hand)
 P - a ring of see invisible
 T - a +6 ring of strength
 W - an amulet of regeneration
 Y - the amulet "Fuhat" (around neck) {Spirit rF+}
   (You took it off a deep elf sorcerer on level 3 of the Elven Halls)

   [amulet of guardian spirit]

   It causes incoming damage to be divided between your reserves of health and
   magic.
   rF:        It protects you from fire.
Wands
 d - a wand of digging (27)
 h - a wand of polymorph (28)
 l - a wand of flame (122)
 m - a wand of iceblast (20) (quivered)
 n - a wand of light (44)
 H - a wand of mindburst (15)
 O - a wand of paralysis (38)
Scrolls
 g - 10 scrolls of fog
 A - 2 scrolls of butterflies
 K - 9 scrolls of fear
 N - 12 scrolls of teleportation
 R - 4 scrolls of poison
 S - 6 scrolls of magic mapping
 V - 2 scrolls of silence
 X - 4 scrolls of blinking
Potions
 b - 6 potions of ambrosia
 e - 3 potions of heal wounds
 i - 9 potions of haste
 j - 18 potions of curing
 q - 6 potions of resistance
 r - 15 potions of lignification
 s - 15 potions of flight
 t - 10 potions of attraction
 v - 5 potions of invisibility
 x - 2 potions of berserk rage
 z - 8 potions of might
 D - 7 potions of brilliance
 F - 5 potions of cancellation
 M - 16 potions of mutation
Miscellaneous
 a - a condenser vane
 c - a tin of tremorstones (2/2)
 E - a piece from Xom's chessboard (15/15)


   Skills:
 + Level 19.9 Fighting
 - Level 8.0 Throwing
 + Level 25.0 Armour
 - Level 3.0 Dodging
 - Level 2.2 Stealth
 + Level 20.1 Shields
 O Level 27 Unarmed Combat
 - Level 8.2 Spellcasting
 - Level 12.0 Evocations


You had 41 spell levels left.
You didn't know any spells.
Your spell library contained the following spells:

 Spells                   Type           Power      Damage    Failure   Level
 Apportation              Tloc           8%         N/A       67%         1
 Magic Dart               Conj           16%        1d3       67%         1
 Necrotise                Necr           16%        1d4       67%         1
 Slow                     Hex            16%        N/A       67%         1
 Summon Small Mammal      Summ           16%        N/A       67%         1
 Blink                    Tloc           8%         N/A       82%         2
 Call Imp                 Summ           8%         N/A       82%         2
 Cigotuvi's Dreadful Rot  Necr/Pois/Air  8%         N/A       82%         2
 Ensorcelled Hibernation  Hex/Ice        8%         N/A       82%         2
 Lesser Beckoning         Tloc           8%         N/A       82%         2
 Momentum Strike          Conj/Tloc      8%         3d8       82%         2
 Passwall                 Tmut/Erth      3%         N/A       82%         2
 Searing Ray              Conj           8%         2d4       82%         2
 Static Discharge         Conj/Air       8%         2-3/arc   82%         2
 Call Canine Familiar     Summ           4%         N/A       96%         3
 Confusing Touch          Hex            4%         N/A       96%         3
 Dazzling Flash           Conj/Hex       8%         N/A       96%         3
 Frozen Ramparts          Ice            8%         1d2       96%         3
 Hailstorm                Conj/Ice       4%         3d4       96%         3
 Ignite Poison            Fire/Tmut/Pois 4%         N/A       96%         3
 Mephitic Cloud           Conj/Pois/Air  4%         N/A       96%         3
 Ozocubu's Armour         Ice            4%         N/A       96%         3
 Portal Projectile        Hex/Tloc       8%         N/A       96%         3
 Spider Form              Tmut/Pois      4%         N/A       96%         3
 Summon Guardian Golem    Hex/Summ       4%         N/A       96%         3
 Swiftness                Air            4%         N/A       96%         3
 Vampiric Draining        Necr           4%         2d6       96%         3
 Vhi's Electric Charge    Tloc/Air       8%         N/A       96%         3
 Volatile Blastmotes      Fire/Tloc      8%         2d10      96%         3
 Airstrike                Air            2%         2d(1-17)  100%        4
 Anguish                  Hex/Necr       2%         N/A       100%        4
 Animate Dead             Necr           4%         N/A       100%        4
 Cause Fear               Hex            2%         N/A       100%        4
 Fulminant Prism          Conj/Hex       2%         3d5       100%        4
 Ice Form                 Ice/Tmut       4%         N/A       100%        4
 Iskenderun's Mystic Bla  Conj/Tloc      4%         2d3       100%        4
 Leda's Liquefaction      Hex/Erth       2%         N/A       100%        4
 Summon Ice Beast         Ice/Summ       4%         N/A       100%        4
 Summon Lightning Spire   Summ/Air       4%         N/A       100%        4
 Alistair's Intoxication  Tmut/Pois      2%         N/A       100%        5
 Arcjolt                  Conj/Air       2%         1d12      100%        5
 Freezing Cloud           Conj/Ice/Air   2%         6-21      100%        5
 Iskenderun's Battlesphe  Conj           4%         2d6       100%        5
 Lee's Rapid Deconstruct  Erth           2%         3d4*      100%        5
 Metabolic Englaciation   Hex/Ice        2%         N/A       100%        5
 Iron Shot                Conj/Erth      2%         9d2       100%        6
 Plasma Beam              Fire/Air       2%         2x1d13    100%        6
 Simulacrum               Ice/Necr       2%         N/A       100%        6
 Starburst                Conj/Fire      2%         6d3       100%        6
 Statue Form              Tmut/Erth      2%         N/A       100%        6
 Enfeeble                 Hex            2%         N/A       100%        7
 Haunt                    Necr/Summ      2%         N/A       100%        7
 Orb of Destruction       Conj           2%         9d5       100%        7
 Spellforged Servitor     Conj/Summ      2%         N/A       100%        7
 Infestation              Necr           2%         N/A       100%        8
 Dragon's Call            Summ           2%         N/A       100%        9


Dungeon Overview and Level Annotations

Branches:
Dungeon (15/15)            Temple (0/1) D:7            Lair (5/5) D:10
  Swamp (4/4) Lair:2       Spider (4/4) Lair:3        Slime (0/5) Lair:5
    Orc (2/2) D:9             Elf (3/3) Orc:2        Vaults (5/5) D:13
  Crypt (3/3) Vaults:2       Tomb (1/3) Crypt:3      Depths (4/4) D:15
    Zot (0/5) Depths:4      IceCv (visited)

Altars:
Elyvilon
Fedhas
Gozag
Hepliaklqana
Makhleb
Nemelex Xobeh
Qazlal
Sif Muna
Trog
Uskayaw
Xom
Zin
The Shining One
Jiyva

Shops:
D:7 :   D:8 !   D:10 [   D:11 [   D:15 [   Orc:2 *[((   Elf:3 !   Vaults:1 :
Vaults:3 *   Depths:1 *   Depths:4 ***[

Portals:
Hell: Depths:1 Depths:2 Depths:3 Depths:4
Abyss: Depths:1 Depths:3
Pandemonium: Depths:1 Depths:2 Depths:4
Ziggurat: Depths:3

Annotations:
Lair:3 Kirke
Vaults:2 1 transporter


Innate Abilities, Weirdness & Mutations

Your life essence is reduced to manifest your ancestor. (-10% HP)
You are completely covered in rugged brown scales. (AC +3, +7% HP)
Armour fits poorly on your strangely shaped body.
You have a long armoured tail.
You roll when moving toward enemies. (Rampage)
Your long tongue fully drains potion bottles. (2x potion effects)
Your tongue gives you trouble enunciating. (1.5x scroll delay)
You have sharp toenails.
You are partially covered in iridescent scales. (AC +2)
You sometimes lose your temper in combat.
Your body sometimes deteriorates upon taking damage.
You are strong-willed. (Will+)
You occasionally lose the ability to drink potions when taking damage.
You passively dampen the noise of your surroundings.


Message History

The phantasmal warrior hits you!
* * * LOW HITPOINT WARNING * * *
The royal mummy calls on the powers of darkness!
Your body is wracked with pain!
* * * LOW HITPOINT WARNING * * *
You cannot drink potions in your current state!
Unknown command.
Unknown command.
Unknown command.
You barely miss the phantasmal warrior. You claw the phantasmal warrior!
The phantasmal warrior is moderately damaged.
Your surroundings suddenly seem different.
* * * LOW HITPOINT WARNING * * *
You feel very sick.
You cannot drink potions in your current state!
Unknown command.
Unknown command.
* * * LOW HITPOINT WARNING * * *
You feel very sick.
You cannot drink potions in your current state!
Unknown command.
Unknown command.
Okay, then.
Unknown command.
Okay, then.
You cannot drink potions in your current state!
Unknown command.
Okay, then.
Unknown command.
Unknown command.
You cannot drink potions in your current state!
Unknown command.
Okay, then.
Unknown command.
Unknown command.
* * * LOW HITPOINT WARNING * * *
You feel sick.
You cannot drink potions in your current state!
Unknown command.
You die...

#################################
.................................
................@................
.................................
.................................
.................................
.................................
.....⌠.⌠.........................
÷................................
.................................
.................................


There were no monsters in sight!

Vanquished Creatures
  2 dread liches (Vaults:5)
  A caustic shrike (Depths:2)
  Margery (Depths:3)
  Saint Roka (Orc:2)
  A profane servitor (Abyss:4)
  Jory (Vaults:2)
  3 bone dragons
  3 doom hounds (Crypt:1)
  4 tentacled monstrosities
  Zenata (Elf:3)
  A hellephant (Abyss:4)
  3 deep elf blademasters
  Asterion (Spider:2)
  3 liches
  6 titans
  Grunn (Crypt:1)
  A quicksilver dragon (Vaults:5)
  3 deep elf master archers (Elf:3)
  14 sphinxes
  10 tengu reavers
  4 ancient champions
  7 shadow dragons
  4 thorn hunters
  10 tentacled starspawn
  4 revenants
  5 storm dragons (Vaults:5)
  A draconian monk (Depths:4)
  8 fire giants
  21 vault wardens
  11 frost giants
  Aizul (Elf:1)
  3 juggernaut zombies
  8 deep elf sorcerers
  2 emperor scorpions (Spider:4)
  3 ghost moths
  An iron dragon (Vaults:5)
  2 curse skulls (Vaults:2)
  A balrug (Depths:3)
  Louise (Spider:2)
  10 ghouls
  15 ironbound preservers
  27 very ugly things
  A cacodemon (Abyss:4)
  An orc warlord (Vaults:4)
  A broodmother (Spider:4)
  5 reapers
  13 stone giants
  11 ironbound thunderhulks
  4 war gargoyles
  An ophan (Abyss:4)
  A stone giant (shapeshifter) (Vaults:2)
  2 caustic shrike zombies
  A juggernaut skeleton (Depths:2)
  A black draconian (Depths:4)
  9 deep elf demonologists
  A putrid mouth (Crypt:1)
  12 spark wasps
  2 lorocyprocas
  5 vampire knights
  5 eleionomae (Swamp:2)
  Azrael (Spider:2)
  6 deep elf annihilators
  A red draconian (Depths:4)
  4 dire elephants (Vaults:1)
  9 bunyips
  2 yellow draconians (Depths:4)
  8 eidola
  A green death (Depths:1)
  8 deep elf death magi
  6 shambling mangroves
  5 blizzard demons
  Snorg (D:11)
  13 ettins
  A crystal guardian (Abyss:4)
  11 fire dragons
  6 mummy priests
  7 jiangshi
  Josephine (D:14)
  5 great orbs of eyes
  3 entropy weavers
  20 yaktaur captains
  6 deep elf high priests
  28 vault guards
  A spriggan zombie (Crypt:1)
  7 rakshasas
  2 peacekeepers
  5 spriggan air magi
  20 hydras
  2 ice dragons
  3 caustic shrike simulacra
  2 catoblepae (Lair:5)
  7 ironbound frosthearts
  3 two-headed ogres
  6 radroaches
  A ghost crab (Swamp:3)
  A spriggan skeleton (Crypt:2)
  14 centaur warriors
  24 dancing weapons
  7 deep troll shamans
  2 ogre magi
  8 alligators
  6 boulder beetles
  6 vampire magi
  2 tengu warriors
  10 deep troll earth magi
  A naga warrior (Abyss:4)
  15 death scarabs (Tomb:1)
  12 death yaks
  18 deep elf knights
  9 spriggan berserkers
  8 thrashing horrors
  An emperor scorpion zombie (Crypt:2)
  A skyshark (shapeshifter) (Abyss:2)
  4 sun demons
  21 hell knights
  4 soul eaters
  A skyshark (Lair:4)
  A fire crab (shapeshifter) (D:12)
  A shadow wraith (Abyss:4)
  9 sixfirhies
  8 iron trolls
  2 storm dragon zombies
  18 skeletal warriors
  5 glowing orange brains
  2 spatial maelstroms
  8 wretched stars
  7 goliath frogs
  A pharaoh ant (Spider:2)
  69 deep trolls
  7 spriggan druids
  A sun moth (Spider:1)
  5 flayed ghosts
  10 orb spiders
  Lodul (D:14)
  2 bunyip skeletons
  10 swamp dragons
  9 wizards
  14 necromancers
  A tengu zombie (Crypt:2)
  3 deep elf archers
  An anaconda skeleton (Tomb:1)
  7 orc knights
  A swamp dragon (shapeshifter) (Abyss:3)
  15 lindwurms
  7 bog bodies
  A shadow dragon zombie (Crypt:2)
  2 steelbarb worms
  10 harpies
  12 wolf spiders
  2 orange crystal statues (IceCv)
  17 ironbound convokers
  10 phantasmal warriors
  35 deep elf pyromancers
  27 deep elf zephyrmancers
  A harpy (shapeshifter) (D:13)
  2 cyclopes
  A mana viper (shapeshifter) (Vaults:5)
  6 orc sorcerers
  42 ugly things
  A shining eye (Abyss:2)
  A manticore (shapeshifter) (D:15)
  3 oklob plants
  3 worldbinders
  2 salamanders (Abyss:4)
  A faun (shapeshifter) (Abyss:2)
  8 will-o-the-wisps
  A salamander (shapeshifter) (Depths:2)
  A moth of wrath (shapeshifter) (Vaults:5)
  5 manticores
  A shadow dragon skeleton (Crypt:1)
  8 elephants
  2 centaur zombies
  An apocalypse crab (Abyss:2)
  5 smoke demons
  2 moths of wrath
  A black mamba (Lair:5)
  A rust devil (Depths:3)
  18 vault sentinels
  5 cane toads
  2 guardian serpents (Abyss:4)
  A naga mage (Abyss:4)
  A dire elephant zombie (Crypt:1)
  A gargoyle (D:12)
  A red draconian zombie (Crypt:3)
  9 demonic crawlers
  A centaur skeleton (Crypt:2)
  4 orange demons
  A storm dragon simulacrum (Depths:2)
  A hellion (Abyss:4)
  4 torpor snails
  5 rime drakes
  6 unseen horrors
  A pale draconian zombie (Crypt:3)
  A tormentor (Crypt:1)
  40 yaktaurs
  A sea snake zombie (Crypt:1)
  2 anaconda simulacra (IceCv)
  A kobold demonologist (Abyss:3)
  An iron troll zombie (Crypt:1)
  8 freezing wraiths
  23 guardian mummies
  2 efreet (Abyss:2)
  6 komodo dragons
  An ice devil (Depths:1)
  4 tengu conjurers
  8 ancient zymes
  3 golden dragon simulacra (IceCv)
  A harpy zombie (Crypt:2)
  A mana viper zombie (Crypt:2)
  6 trolls
  An unseen horror skeleton (Crypt:2)
  A silent spectre (Abyss:4)
  A queen bee (Spider:3)
  5 meliai
  10 tyrant leeches
  4 hellwings
  20 hornets
  A merfolk (shapeshifter) (Vaults:5)
  16 tarantellas
  A great orb of eyes zombie (Crypt:1)
  A polar bear (Lair:4)
  3 harpy skeletons
  27 raiju
  36 blink frogs
  A raiju (shapeshifter) (Elf:1)
  16 dream sheep
  A dire elephant simulacrum (IceCv)
  21 large abominations
  4 hexers
  4 air elementals
  10 culicivoras
  3 shadows
  18 jumping spiders
  24 slime creatures
  An ettin skeleton (Depths:2)
  9 flying skulls
  16 spriggans
  8 water elementals
  Sigmund (D:2)
  30 small abominations
  10 wraiths
  2 fire bats (Abyss:2)
  6 fire elementals
  5 wyverns
  11 ynoxinuls
  Eustachio (D:6)
  56 yaks
  A hog (shapeshifter) (D:14)
  4 basilisks
  35 redbacks
  3 chaos spawn
  15 humans
  5 neqoxecs
  4 hogs (Lair:3)
  A redback (shapeshifter) (Vaults:5)
  2 harpy simulacra (IceCv)
  7 vampire mosquitoes
  A glowing shapeshifter zombie (Crypt:2)
  13 swamp worms
  5 wargs
  A demonspawn zombie (Crypt:3)
  3 spatial vortices (Abyss:2)
  3 acid dragons
  11 water moccasins
  6 hell hounds
  2 nagas (Abyss:4)
  3 hydra simulacra (IceCv)
  A two-headed ogre skeleton (Crypt:1)
  An ice beast (D:8)
  A floating eye (Abyss:4)
  5 black bears
  32 orc warriors
  10 swamp drakes
  A sky beast (D:7)
  A lindwurm zombie (Crypt:2)
  2 ettin simulacra (IceCv)
  2 boggarts (Depths:1)
  12 centaurs
  10 ogres
  8 wolves
  A manticore skeleton (Crypt:2)
  36 starcursed masses
  2 hog skeletons (Crypt:1)
  3 phantoms
  3 kobold brigands
  7 bullfrogs
  A gnoll sergeant (D:11)
  3 necrophages
  A naga simulacrum (Crypt:2)
  2 earth elementals
  A glowing shapeshifter simulacrum (Depths:2)
  8 killer bees (Spider:3)
  A lindwurm simulacrum (IceCv)
  2 electric eels (Lair:1)
  7 howler monkeys
  4 quasits
  3 hounds
  A gnoll bouda (D:7)
  22 orc priests
  3 iron imps
  A black bear skeleton (Crypt:2)
  6 iguanas
  20 orc wizards
  A naga zombie (Crypt:2)
  5 mummies
  8 adders
  10 gnolls
  A river rat (D:5)
  4 white imps
  2 ufetubi
  4 worms
  5 dart slugs
  93 orcs
  5 ball pythons
  7 endoplasms
  2 giant cockroaches (D:1)
  13 goblins
  10 hobgoblins
  7 jackals
  17 kobolds
  2 quokkas
  3 bats
  4 frilled lizards
  6 rats
  3 briar patches
  A bush (Abyss:4)
  A lurking horror (Abyss:3)
  2 starspawn tentacles
2233 creatures vanquished.

Vanquished Creatures (collateral kills)
  3 liches
  A titan (Vaults:5)
  2 quicksilver dragons (Vaults:5)
  A deep elf master archer (Elf:3)
  An ancient champion (Crypt:1)
  2 sphinxes
  2 vault wardens
  An emperor scorpion (Spider:3)
  A deep elf sorcerer (Elf:3)
  2 fire giants
  2 ghost moths (Spider:4)
  A very ugly thing (Abyss:3)
  A stone giant (Vaults:5)
  A vampire knight (Depths:3)
  7 ironbound preservers
  An eleionoma (Swamp:4)
  A bunyip (Swamp:1)
  2 spark wasps
  3 deep elf annihilators (Elf:3)
  A mummy priest (Tomb:1)
  A crystal guardian (Vaults:1)
  An ettin (Depths:4)
  An ice dragon (Depths:1)
  A jorogumo (Spider:4)
  4 vault guards
  4 hydras
  2 catoblepae (Lair:5)
  4 centaur warriors
  2 alligators
  A tengu warrior (Depths:1)
  4 death yaks
  A thrashing horror (Abyss:4)
  An orc high priest (Orc:1)
  A two-headed ogre (D:9)
  3 dancing weapons
  2 vampire magi
  2 deep troll earth magi
  2 deep elf knights (Elf:2)
  2 hell knights
  A spatial maelstrom (Abyss:2)
  2 pharaoh ants (Spider:2)
  A skeletal warrior (Crypt:1)
  A goliath frog (Swamp:4)
  A spriggan druid (Swamp:3)
  4 deep trolls
  3 bog bodies (Swamp:4)
  A deep elf archer (Elf:1)
  A lindwurm (Vaults:4)
  4 wizards
  2 deep elf pyromancers
  A deep elf zephyrmancer (Elf:2)
  A harpy (Vaults:1)
  A wolf spider (Spider:1)
  A necromancer (Depths:1)
  2 will-o-the-wisps
  A sphinx skeleton (Depths:2)
  An oklob plant (Lair:5)
  2 cyclopes
  5 ugly things
  A naga zombie (Abyss:4)
  2 vault sentinels
  A torpor snail (Spider:2)
  3 slime creatures (Vaults:1)
  A cane toad (Lair:5)
  2 elephants
  A black mamba (Lair:5)
  A komodo dragon (Lair:5)
  A rime drake (Lair:4)
  11 yaktaurs
  A meliai (Spider:4)
  A tyrant leech (Swamp:3)
  4 hornets
  2 dream sheep
  5 raiju
  3 blink frogs
  3 large abominations
  4 tarantellas
  6 jumping spiders
  2 small abominations (Abyss:4)
  2 culicivoras
  A ynoxinul (Abyss:2)
  A flying skull (Crypt:2)
  A shadow (Abyss:2)
  4 spriggans
  A hog (Lair:3)
  A basilisk (Lair:3)
  A wraith (D:11)
  6 yaks
  A human (D:13)
  3 redbacks
  A chaos spawn (Abyss:4)
  A steam dragon (D:5)
  A neqoxec (Abyss:2)
  A spatial vortex (Abyss:2)
  A hell hound (Spider:2)
  A water moccasin (D:5)
  2 swamp drakes (Swamp:4)
  Duvessa (D:5)
  An ice beast (D:5)
  5 orc warriors
  2 ogres
  A wolf (Lair:4)
  A bullfrog (Lair:1)
  A scorpion (D:5)
  Dowan (D:5)
  3 killer bees (Spider:3)
  An electric eel (Lair:1)
  A howler monkey (D:12)
  A quasit (Abyss:2)
  5 orc priests
  A gnoll bouda (D:5)
  Ijyb (D:4)
  A sleepcap (D:5)
  An iguana (D:4)
  10 orc wizards
  3 gnolls
  2 adders
  A steam dragon skeleton (Crypt:1)
  2 ufetubi
  21 orcs
  A goblin (D:4)
  2 hobgoblins (D:4)
  2 jackals (D:4)
  2 ball pythons
  4 kobolds
  2 starspawn tentacles (Abyss:4)
276 creatures vanquished.

Vanquished Creatures (others)
  A deep elf knight (Elf:1)
  A tengu conjurer (Depths:4)
  4 bloated husks
  A hornet (Swamp:4)
  A hellwing (Depths:3)
  A small abomination (Abyss:2)
  44 hexers
  An adder (D:5)
  An orc (Orc:2)
  11 briar patches
  12 demonic plants (Abyss:3)
  25 foxfires
  26 fungi
  A lurking horror (Abyss:3)
  96 plants
  17 starspawn tentacles
243 creatures vanquished.

Grand Total: 2752 creatures vanquished

Notes
Turn   | Place    | Note
-------+----------+-------------------------------------------
     0 | D:1      | ryw the Armataur Monk began the quest for the Orb.
     0 | D:1      | Reached XP level 1. HP: 19/19 MP: 1/1
   204 | D:1      | Reached skill level 3 in Unarmed Combat
   204 | D:1      | Reached XP level 2. HP: 26/26 MP: 2/2
   623 | D:2      | Reached XP level 3. HP: 33/33 MP: 3/3
   826 | D:2      | Noticed Sigmund
   841 | D:2      | Killed Sigmund
   842 | D:2      | Reached skill level 5 in Unarmed Combat
   842 | D:2      | Reached XP level 4. HP: 34/40 MP: 4/4
   842 | D:2      | Reached XP level 5. HP: 41/48 MP: 5/5
  1529 | D:3      | You fall into a shaft and drop 1 floor!
  1530 | D:4      | Noticed Ijyb
  1710 | D:3      | Found a hazy altar of Hepliaklqana.
  1739 | D:3      | Became a worshipper of Hepliaklqana the Forgotten
  1739 | D:3      | Reached * piety under Hepliaklqana
  1739 | D:3      | Reached ** piety under Hepliaklqana
  1740 | D:3      | Remembered your ancestor Tiberius as a hexer
  1839 | D:3      | Reached skill level 1 in Armour
  1839 | D:3      | Reached XP level 6. HP: 12/49 MP: 6/6
  2435 | D:4      | Killed Ijyb
  2632 | D:4      | Reached skill level 6 in Unarmed Combat
  2859 | D:4      | Found a shimmering altar of Xom.
  2859 | D:4      | Found an opulent altar of Gozag.
  2905 | D:4      | Found a blossoming altar of Fedhas.
  3089 | D:4      | Found a sparkling altar of Nemelex Xobeh.
  3182 | D:5      | Entered Level 5 of the Dungeon
  3187 | D:5      | Reached XP level 7. HP: 55/55 MP: 7/7
  3403 | D:5      | Reached *** piety under Hepliaklqana
  3445 | D:5      | Identified the +13 plate armour "Iblupn" {rN++ Int-3
                  | Slay+4}
  3490 | D:5      | Reached skill level 7 in Unarmed Combat
  3557 | D:5      | Noticed Dowan
  3558 | D:5      | Noticed Duvessa
  3576 | D:5      | Killed Dowan
  3873 | D:5      | Reached XP level 8. HP: 61/61 MP: 8/8
  4091 | D:5      | Reached skill level 5 in Armour
  4549 | D:5      | Reached skill level 8 in Unarmed Combat
  4559 | D:5      | Killed Duvessa
  4736 | D:5      | Found a glowing golden altar of the Shining One.
  5586 | D:6      | Reached skill level 9 in Unarmed Combat
  5586 | D:6      | Reached XP level 9. HP: 63/69 MP: 6/9
  5603 | D:6      | Noticed Eustachio
  5618 | D:6      | Killed Eustachio
  5714 | D:6      | Found a white marble altar of Elyvilon.
  5871 | D:6      | Reached **** piety under Hepliaklqana
  6138 | D:7      | Found Xihuware's Book Shoppe.
  6141 | D:7      | Reached skill level 5 in Fighting
  6254 | D:7      | Noticed a troll
  6263 | D:7      | Killed a troll
  6513 | D:7      | Found a staircase to the Ecumenical Temple.
  6622 | D:7      | Found a hide-covered altar of Uskayaw.
  6628 | D:7      | Reached skill level 10 in Unarmed Combat
  7114 | D:8      | Found the +18 Lear's hauberk
  7477 | D:8      | Found Babast's Distillery.
  7482 | D:8      | Bought a potion of heal wounds for 65 gold pieces
  7720 | D:8      | Noticed a green ugly thing
  7728 | D:8      | Killed a green ugly thing
  7729 | D:8      | Reached XP level 10. HP: 67/80 MP: 10/10
  8145 | D:9      | Found a staircase to the Orcish Mines.
  8312 | D:9      | Reached skill level 11 in Unarmed Combat
  8364 | D:9      | Reached ***** piety under Hepliaklqana
  8591 | D:9      | Noticed a two-headed ogre
  8592 | D:9      | Killed a two-headed ogre
  8817 | D:10     | Entered Level 10 of the Dungeon
  8818 | D:10     | Noticed a two-headed ogre
  8828 | D:10     | Killed a two-headed ogre
  8949 | D:10     | Found a glowing silver altar of Zin.
  8980 | D:10     | Found Zoas's Armour Boutique.
  8989 | D:10     | Bought the +3 pair of gauntlets of War {Slay+5} for 570
                  | gold pieces
  8989 | D:10     | Found the +3 pair of gauntlets of War {Slay+5}
  9106 | D:10     | Found a staircase to the Lair.
  9318 | D:10     | Reached skill level 12 in Unarmed Combat
  9318 | D:10     | Reached XP level 11. HP: 89/89 MP: 11/11
  9675 | Lair:1   | Entered Level 1 of the Lair of Beasts
  9837 | Lair:1   | Reached skill level 10 in Armour
 10236 | Lair:1   | Reached skill level 13 in Unarmed Combat
 10443 | Lair:1   | Identified a scroll of acquirement
 10443 | Lair:1   | Acquired 636 gold pieces
 10959 | Lair:2   | Reached XP level 12. HP: 86/99 MP: 12/12
 11030 | Lair:2   | Noticed a seven-headed hydra
 11036 | Lair:2   | Killed a seven-headed hydra
 11246 | Lair:2   | Found a staircase to the Swamp.
 11452 | Lair:2   | Noticed a five-headed hydra
 11459 | Lair:2   | Killed a five-headed hydra
 11687 | Lair:2   | Noticed a six-headed hydra
 11697 | Lair:2   | Killed a six-headed hydra
 11698 | Lair:2   | Reached skill level 14 in Unarmed Combat
 11762 | Lair:3   | Noticed Kirke
 11767 | Lair:3   | Reached skill level 1 in Throwing
 11771 | Lair:3   | Noticed a sphinx
 11779 | Lair:2   | HP: 5/100 [hog[Kirke] (6)]
 12224 | Lair:3   | Noticed a four-headed hydra
 12232 | Lair:3   | Killed a four-headed hydra
 12453 | Lair:3   | Reached ****** piety under Hepliaklqana
 12516 | Lair:3   | Noticed a death yak
 12516 | Lair:3   | Noticed a death yak
 12516 | Lair:3   | Noticed a death yak
 12516 | Lair:3   | Noticed a death yak
 12516 | Lair:3   | Noticed a death yak
 12526 | Lair:3   | Killed a death yak
 12536 | Lair:3   | Killed a death yak
 12540 | Lair:3   | Killed a death yak
 12542 | Lair:3   | Killed a death yak
 12545 | Lair:3   | Killed a death yak
 12681 | Lair:3   | Noticed a seven-headed hydra
 12688 | Lair:3   | Killed a seven-headed hydra
 12785 | Lair:3   | Found a hole to the Spider Nest.
 12797 | Lair:3   | Reached XP level 13. HP: 82/108 MP: 13/13
 13531 | Lair:4   | Reached skill level 15 in Unarmed Combat
 13536 | Lair:4   | Reached skill level 10 in Fighting
 14365 | Lair:3   | Reached skill level 5 in Throwing
 15081 | Lair:4   | Identified the +5 tower shield of the Teaching Gods {+Blink
                  | rC+ Str+3 Int+2}
 15300 | Lair:5   | Entered Level 5 of the Lair of Beasts
 15300 | Lair:5   | Found a staircase to the Slime Pits.
 15300 | Lair:5   | Found a viscous altar of Jiyva.
 15468 | Lair:5   | Reached skill level 1 in Shields
 15997 | Lair:5   | Reached XP level 14. HP: 118/118 MP: 14/14
 16016 | Lair:5   | Reached skill level 16 in Unarmed Combat
 16191 | Lair:5   | Identified the +7 great sword "Xom Paughy" {heavy, rC+
                  | Will+ Str+4 Stlth+}
 17791 | D:11     | Found Ximiutuevo's Antique Armour Shoppe.
 17799 | D:11     | Bought a glowing scarf for 240 gold pieces
 17988 | D:11     | Noticed Snorg
 18002 | D:11     | Killed Snorg
 18615 | D:12     | Reached skill level 5 in Shields
 19154 | D:13     | Found a gate to the Vaults.
 19277 | D:12     | Reached skill level 17 in Unarmed Combat
 19281 | D:12     | Reached XP level 15. HP: 101/126 MP: 15/15
 19996 | D:13     | Identified the +0 helmet of the Echidna {rCorr Int+2}
 20189 | D:13     | Reached skill level 15 in Armour
 20958 | Abyss:2  | Found a corrupted altar of Lugonu.
 20958 | Abyss:2  | Cast into level 2 of the Abyss (a wizard)
 20978 | Abyss:2  | Found a corrupted altar of Lugonu.
 20993 | Abyss:2  | Found a corrupted altar of Lugonu.
 20993 | Abyss:2  | Found a corrupted altar of Lugonu.
 21065 | Abyss:2  | Noticed a tentacled starspawn
 21072 | Abyss:2  | Killed a tentacled starspawn
 21119 | Abyss:2  | Noticed a tentacled starspawn
 21127 | Abyss:2  | Killed a tentacled starspawn
 21208 | D:14     | Escaped the Abyss
 21463 | D:14     | Noticed Lodul
 21468 | D:14     | Killed Lodul
 21716 | D:14     | Noticed Josephine
 21720 | D:14     | Killed Josephine
 22156 | Orc:1    | Entered Level 1 of the Orcish Mines
 22246 | Orc:1    | Found a bloodstained altar of Trog.
 22475 | Orc:1    | Found a burning altar of Makhleb.
 22737 | Orc:2    | Entered Level 2 of the Orcish Mines
 22765 | Orc:2    | Found a staircase to the Elven Halls.
 22954 | Orc:2    | Found Nosihuh's Assorted Antiques.
 23333 | Orc:2    | Noticed Saint Roka
 23932 | Orc:2    | Killed Saint Roka
 24288 | Orc:2    | Found Wymoifod's Weapon Emporium.
 24458 | Orc:2    | Found Ocaaw's Antique Armour Boutique.
 24464 | Orc:2    | Found Yquef's Antique Weapon Shop.
 24750 | Swamp:1  | Entered Level 1 of the Swamp
 24773 | Swamp:1  | Noticed a thorn hunter
 24789 | Swamp:1  | Killed a thorn hunter
 24868 | Swamp:1  | Reached skill level 18 in Unarmed Combat
 25084 | Swamp:1  | Reached XP level 16. HP: 135/135 MP: 16/16
 25375 | Swamp:1  | Gained mutation: Your body sometimes deteriorates upon
                  | taking damage. [potion of mutation]
 25375 | Swamp:1  | Gained mutation: You do not regenerate when monsters are
                  | visible. [potion of mutation]
 25375 | Swamp:1  | Gained mutation: Your magical capacity is low. (-10% MP)
                  | [potion of mutation]
 25375 | Swamp:1  | Gained mutation: You are dopey. (Int -2) [potion of
                  | mutation]
 25375 | Swamp:1  | Gained mutation: Your muscles are strong. (Str +4, Int/Dex
                  | -1) [potion of mutation]
 25376 | Swamp:1  | Lost mutation: You do not regenerate when monsters are
                  | visible. [potion of mutation]
 25376 | Swamp:1  | Lost mutation: Your magical capacity is low. (-10% MP)
                  | [potion of mutation]
 25376 | Swamp:1  | Lost mutation: Your body sometimes deteriorates upon taking
                  | damage. [potion of mutation]
 25376 | Swamp:1  | Lost mutation: Your muscles are strong. (Str +4, Int/Dex
                  | -1) [potion of mutation]
 25376 | Swamp:1  | Lost mutation: You are dopey. (Int -2) [potion of mutation]
 25376 | Swamp:1  | Gained mutation: You are strong-willed. (Will+) [potion of
                  | mutation]
 25376 | Swamp:1  | Gained mutation: You passively dampen the noise of your
                  | surroundings. [potion of mutation]
 25376 | Swamp:1  | Gained mutation: You sometimes lose your temper in combat.
                  | [potion of mutation]
 25376 | Swamp:1  | Gained mutation: You are partially covered in iridescent
                  | scales. (AC +2) [potion of mutation]
 25376 | Swamp:1  | Gained mutation: You have sharp toenails. [potion of
                  | mutation]
 25656 | Swamp:1  | Found a glowing silver altar of Zin.
 26057 | Swamp:2  | Reached skill level 1 in Evocations
 26477 | Swamp:2  | Noticed a thorn hunter
 26495 | Swamp:2  | Identified the +1 ring mail "Waqeim" {Int+3}
 26868 | Swamp:2  | Killed a thorn hunter
 27108 | Swamp:2  | Noticed a thorn hunter
 27114 | Swamp:2  | Killed a thorn hunter
 27257 | Swamp:2  | Identified the +1 long sword "Wann" {venom, Will+ Dex+3}
 27797 | Swamp:3  | Identified the +0 chain mail "Caqamef" {rN+ rCorr Str+3}
 28238 | Swamp:3  | Noticed a thorn hunter
 28267 | Swamp:3  | Killed a thorn hunter
 28860 | Swamp:4  | Entered Level 4 of the Swamp
 28901 | Swamp:4  | Reached skill level 19 in Unarmed Combat
 29095 | Swamp:4  | Reached XP level 17. HP: 144/144 MP: 17/17
 29736 | Swamp:4  | Reached skill level 5 in Evocations
 29752 | Swamp:4  | Reached skill level 10 in Shields
 29894 | Swamp:4  | Got a decaying rune of Zot
 30477 | Spider:1 | Entered Level 1 of the Spider Nest
 30604 | Spider:1 | Found a frozen archway.
 30639 | IceCv    | Entered an ice cave
 31440 | Spider:1 | Identified the +10 flail of Muusur {flame, *Rage rPois
                  | Int+3}
 32192 | Spider:2 | Noticed Azrael
 32204 | Spider:2 | Killed Azrael
 32581 | Spider:2 | Noticed Louise
 32588 | Spider:2 | Killed Louise
 32630 | Spider:2 | Noticed Asterion
 32643 | Spider:2 | Killed Asterion
 33136 | Spider:3 | Reached skill level 20 in Unarmed Combat
 33400 | Spider:3 | Reached XP level 18. HP: 140/154 MP: 0/18
 34680 | Spider:4 | Entered Level 4 of the Spider Nest
 34749 | Spider:4 | Identified the +6 scale mail "Ivaubora" {rPois Will+ Str-5
                  | Int+7}
 36187 | Spider:4 | Got a gossamer rune of Zot
 36570 | D:10     | Upgraded the game from 0.30-a0-1053-gbd8d5ba0ad to
                  | 0.30-a0-1066-g63dfefce0d
 36637 | D:15     | Entered Level 15 of the Dungeon
 36676 | D:15     | Found a staircase to the Depths.
 37130 | D:15     | Found Cunay's Antique Armour Shoppe.
 37137 | D:15     | Found a stormy altar of Qazlal.
 37480 | Elf:1    | Entered Level 1 of the Elven Halls
 38389 | Elf:1    | Noticed a Tzitzimitl
 38391 | Elf:1    | Noticed an Ice Fiend
 38478 | Elf:1    | Noticed Aizul
 38492 | Elf:1    | Killed Aizul
 38602 | Elf:1    | Got the Essays on the Legion
 38618 | Elf:1    | Reached XP level 19. HP: 138/162 MP: 19/19
 39190 | Elf:2    | Found a runed translucent gate.
 39190 | Elf:2    | Found a runed translucent gate.
 39192 | Elf:2    | Found a runed translucent gate.
 39201 | Elf:2    | Identified the +1 morningstar of the Water Diviner {holy,
                  | rC++ MP+9 Int+2}
 39230 | Elf:2    | Reached skill level 21 in Unarmed Combat
 39387 | Elf:2    | Paralysed by an air elemental for 1 turns
 39390 | Elf:2    | Paralysed by an air elemental for 1 turns
 40769 | Elf:3    | Entered Level 3 of the Elven Halls
 40821 | Elf:3    | Paralysed by an air elemental for 1 turns
 40951 | Elf:3    | Found Upaoniun's Distillery.
 40959 | Elf:3    | Bought a potion of haste for 130 gold pieces
 40959 | Elf:3    | Bought a potion of curing for 39 gold pieces
 40959 | Elf:3    | Bought a potion of curing for 39 gold pieces
 41145 | Elf:3    | Reached skill level 15 in Fighting
 41204 | Elf:3    | Noticed a Tzitzimitl
 41789 | Elf:3    | Paralysed by an air elemental for 1 turns
 41792 | Elf:3    | Paralysed by an air elemental for 1 turns
 41795 | Elf:3    | Noticed Zenata
 41810 | Elf:3    | Killed Zenata
 41811 | Elf:3    | Identified the +4 scale mail of the Little Devil {Rampage
                  | rPois rF+}
 42073 | Elf:3    | Noticed a Tzitzimitl
 42930 | Elf:3    | Identified the +1 plate armour of the Hippo {Int-4 Dex+9}
 43142 | Elf:3    | Identified the amulet "Fuhat" {Spirit rF+}
 43481 | Elf:3    | Identified the +0 leather armour of Distant Shores {Dex+4
                  | Slay+2}
 43621 | Elf:3    | Identified the +2 helmet "Kaofos" {rCorr}
 44057 | Vaults:1 | Entered Level 1 of the Vaults
 44448 | Vaults:1 | Reached XP level 20. HP: 173/173 MP: 20/20
 44492 | Vaults:1 | Reached skill level 22 in Unarmed Combat
 45138 | Vaults:1 | Identified the +2 hand axe "Onosoc" {freeze, Int+2 Dex-5
                  | SInv}
 45947 | Vaults:1 | Found Hulim's Book Shop.
 46568 | Vaults:2 | Found a staircase to the Crypt.
 46823 | Vaults:2 | Noticed Jory
 47329 | Vaults:2 | Killed Jory
 47764 | Vaults:2 | Found a transporter.
 47881 | Vaults:2 | Found a transporter.
 47907 | Vaults:2 | Reached XP level 21. HP: 182/182 MP: 18/21
 48037 | Vaults:2 | Paralysed by a sphinx for 5 turns
 48040 | Vaults:2 | Reached skill level 23 in Unarmed Combat
 48064 | Vaults:2 | Reached skill level 15 in Shields
 49987 | Vaults:3 | Found Zimilex's General Store.
 50529 | Vaults:4 | Reached skill level 1 in Spellcasting
 51178 | Vaults:4 | Reached XP level 22. HP: 192/192 MP: 27/27
 51464 | Vaults:5 | Entered Level 5 of the Vaults
 51930 | Vaults:4 | Reached skill level 24 in Unarmed Combat
 52508 | Vaults:5 | Reached skill level 5 in Spellcasting
 52865 | Vaults:5 | Got a silver rune of Zot
 53097 | Vaults:5 | Identified the quicksilver dragon scales "Vaewong" {Will+
                  | Dex+2}
 53353 | Vaults:5 | Noticed a dread lich
 53359 | Vaults:5 | Gained mutation: You occasionally lose the ability to drink
                  | potions when taking damage. [a cacodemon]
 53362 | Vaults:5 | Killed a dread lich
 53420 | Vaults:5 | Identified the +1 pair of boots "Faaregh" {rF+}
 53721 | Vaults:5 | Identified the +1 leather armour of Awe {rF+ Str+3}
 53873 | Vaults:5 | Noticed a dread lich
 53901 | Vaults:5 | Paralysed by something for 2 turns
 53903 | Vaults:5 | Killed a dread lich
 54101 | Vaults:5 | Reached XP level 23. HP: 185/199 MP: 31/34
 54831 | Crypt:1  | Entered Level 1 of the Crypt
 55336 | Crypt:1  | Noticed Grunn
 55371 | Crypt:1  | Killed Grunn
 55882 | Crypt:1  | Reached skill level 25 in Unarmed Combat
 55954 | Crypt:1  | Identified the +3 cloak "Otushrin" {rPois Will+}
 56568 | Depths:1 | Entered Level 1 of the Depths
 56824 | Depths:1 | Found a gateway to Hell.
 56917 | Depths:1 | Found a transporter.
 56930 | Depths:1 | Found a shimmering blue altar of Sif Muna.
 56960 | Depths:1 | Found a one-way gate to the infinite horrors of the Abyss.
 57000 | Depths:1 | Found Midad's Pet Rocks.
 57292 | Depths:1 | Found the +8 Vampire's Tooth {megavamp}
 57299 | Depths:1 | Found a one-way gate leading to the halls of Pandemonium.
 58179 | Depths:1 | Found a transporter.
 58213 | Depths:2 | Found a flickering gateway to a bazaar.
 58240 | Bazaar   | Entered a bazaar
 58269 | Bazaar   | Found Zyvuran's Assorted Antiques.
 58287 | Bazaar   | Found Nawniz's Book Emporium.
 58319 | Bazaar   | Found Vul Fiba's Antique Weapon Boutique.
 58355 | Bazaar   | Found Wolufo's Book Emporium.
 58618 | Depths:2 | Found a bloodstained altar of Trog.
 58939 | Depths:2 | Noticed a caustic shrike
 58947 | Depths:2 | Killed a caustic shrike
 59286 | Depths:2 | Reached XP level 24. HP: 198/211 MP: 33/35
 59314 | Depths:2 | Acquired 816 gold pieces
 59315 | Depths:2 | Acquired 639 gold pieces
 59316 | Depths:2 | Acquired the scarf of Prudence {+Inv, rElec Dex+6 SInv}
 59729 | Depths:2 | Identified the +3 hand axe "Ynadez" {heavy, rElec}
 60371 | Depths:3 | Found a one-way gateway to a ziggurat.
 60372 | Depths:3 | Paralysed by a floating eye for 4 turns
 60942 | Depths:3 | Identified the +5 flail of Soupsu {elec, Int+2 Dex+5}
 61277 | Depths:4 | Entered Level 4 of the Depths
 61277 | Depths:4 | Noticed Margery
 61395 | Depths:3 | Killed Margery
 61689 | Depths:4 | Reached skill level 26 in Unarmed Combat
 61790 | Depths:4 | Found Xojodil's Armour Boutique.
 61963 | Depths:4 | Found Vaeb's General Store.
 61967 | Depths:4 | Found Zeehufof's General Store.
 61968 | Depths:4 | Found Okaa's Assorted Antiques.
 61971 | Depths:4 | Bought a potion of might for 68 gold pieces
 61975 | Depths:4 | Bought 2 scrolls of teleportation for 258 gold pieces
 61988 | Depths:4 | Paralysed by a sphinx for 2 turns
 62037 | Depths:4 | Upgraded the game from 0.30-a0-1066-g63dfefce0d to
                  | 0.30-a0-1074-g5db6f66fbb
 62266 | Depths:4 | Found a gate to the Realm of Zot.
 63006 | Vaults:3 | Bought a scroll of teleportation for 42 gold pieces
 63223 | Depths:1 | Voluntarily entered the Abyss.
 63695 | Abyss:2  | Found a corrupted altar of Lugonu.
 63735 | Abyss:2  | Paralysed by accursed screaming for 1 turns
 63771 | Abyss:2  | Found a corrupted altar of Lugonu.
 63951 | Abyss:2  | Found a corrupted altar of Lugonu.
 64479 | Abyss:2  | Reached XP level 25. HP: 219/220 MP: 35/35
 64599 | Abyss:3  | Reached skill level 10 in Evocations
 64784 | Abyss:4  | Found a corrupted altar of Lugonu.
 65038 | Abyss:4  | Paralysed by an air elemental for 1 turns
 65216 | Abyss:4  | Gained mutation: Your body sometimes deteriorates upon
                  | taking damage. [a cacodemon]
 65316 | Abyss:4  | Found a corrupted altar of Lugonu.
 65567 | Abyss:4  | Got an abyssal rune of Zot
 65721 | Depths:1 | Escaped the Abyss
 66204 | Crypt:2  | Reached skill level 27 in Unarmed Combat
 66763 | Crypt:3  | Entered Level 3 of the Crypt
 67236 | Crypt:3  | Found a staircase to the Tomb.
 67423 | Tomb:1   | Entered Level 1 of the Tomb of the Ancients
 68335 | Tomb:1   | Noticed a royal mummy
 68336 | Tomb:1   | Reached XP level 26. HP: 222/230 MP: 33/35
 68336 | Tomb:1   | Noticed a royal mummy
 68356 | Tomb:1   | Noticed a royal mummy
 68357 | Tomb:1   | HP: 8/230 [phantasmal warrior[a mummy priest] (8)]
 68359 | Tomb:1   | HP: 2/230 [poisoned by an ushabti (dark miasma)]
 68361 | Tomb:1   | Succumbed to an ushabti's dark miasma

Illustrated notes

Levels and vault maps discovered:
D:1:      lemuel_arrival_behind_the_door_small, layout_basic
D:2:      layout_basic, uniq_sigmund
D:3:      layout_basic, amcnicky_altar_gilded
D:4:      layout_cave_pools, mainiacjoe_overflow_paths,
          mainiacjoe_overflow_catwalk, mainiacjoe_overflow_divided_tiny,
          uniq_ijyb
D:5:      minmay_razor_zed, layout_layer_cave, nicolae_tso_swordbearing_angel,
          cheibrodos_sewer_entry_sluice, uniq_duvessa
D:6:      layout_basic, elyvilon_altar_3, nicolae_overflow_hidden_temple,
          uniq_eustachio
D:7:      layout_loops_ring, nicolae_uskayaw_dance_studio,
          minmay_temple_entry_grid, serial_shops, shop
D:8:      layout_basic, enter_bailey_3, serial_shops, kennysheep_little_box
D:9:      layout_irregular_city, david_orc_4, kennysheep_small_circle
D:10:     layout_irregular_city, zin_academy, erik_lair_orcish_takeover,
          serial_shops, shop
D:11:     layout_roguey, serial_shops, shop, uniq_snorg
D:12:     layout_gridville
D:13:     layout_layer_cave, david_vaults_3
D:14:     layout_loops_cross, hangedman_decor_diamond_cutter, uniq_josephine,
          uniq_lodul
D:15:     hangedman_depths_entry_civil_slaughter, layout_long_grid,
          serial_shops, shop, nicolae_qazlal_eye_of_the_storm
Lair:1:   layout_loops_ring, lemuel_fruit_tree, grunt_megastairs_2,
          serial_bayou_shore_a
Lair:2:   layout_chaotic_city, palyth_hydra_swamp_entry
Lair:3:   layout_layer_cave, spider_nest_entry_funnel_web, serial_rivers,
          chequers_serial_rivers_small_b, chequers_serial_rivers_micro_a,
          chequers_serial_rivers_micro_d, chequers_serial_rivers_micro_c,
          chequers_serial_rivers_micro_a, chequers_serial_rivers_micro_a,
          wad_woods_01, serial_bayou_shore_b, uniq_kirke
Lair:4:   layout_concentric_octagons, st_stairs_4, minmay_lindwurm_lava
Lair:5:   evilmike_catoblepas_cave, layout_cave_pods,
          minmay_slime_entry_oklob_open, lemuel_fruit_fields
Swamp:1:  layout_falls_marsh, serial_swamp_ruin, evilmike_swamp_ruin_house_2,
          evilmike_swamp_ruin_house_3, evilmike_swamp_ruin_rubble_2,
          swamp_pool3, nicolae_swamp_godswood
Swamp:2:  nzn_winding_woodlands_medium [nzn_winding_woodlands_5x5_closed_star,
          nzn_winding_woodlands_5x15_sawtooth, nzn_winding_woodlands_5x5_cross,
          nzn_winding_woodlands_5x5_open_star,
          nzn_winding_woodlands_center_diamonds,
          nzn_winding_woodlands_5x5_three, nzn_winding_woodlands_hourglass,
          nzn_winding_woodlands_5x15_lazy_stream,
          nzn_winding_woodlands_5x5_perimeter], layout_basic_swamp,
          hangedman_swamp_ruin_wall, swamp_pool2
Swamp:3:  layout_basic_swamp, evilmike_swamp_ruin_house_5,
          nzn_swamp_stair_ambush
Swamp:4:  swamp_basic_johnstein, layout_basic_swamp
Spider:1: layout_cave_pods, portal_ice_cave_entry_pillars_four,
          spiders_nest_spider_trap
Spider:2: layout_spider_delve, drop_trap, uniq_asterion, uniq_louise,
          uniq_azrael
Spider:3: layout_spider_delve, nicolae_looking_at_the_future
Spider:4: spider_rune_water, hellmonk_test_site
Orc:1:    layout_caves, basic_altar, bloody_makhleb
Orc:2:    grunt_orc_community_town_hall, layout_diamond_mine,
          grunt_orc_community_big_house_1, grunt_orc_community_big_house_1,
          grunt_orc_community_house_2, grunt_orc_community_house_2,
          grunt_orc_community_house_1, grunt_orc_community_house_2,
          nicolae_orc_lost_temple
Elf:1:    minmay_elf_arrival_plus, layout_geoelf_diagonals, serial_glass,
          glass_columns_b, glass_columns_a, minmay_elf_crystal_hexagon,
          grunt_ministairs_9, minmay_elf_demonology, uniq_aizul
Elf:2:    elven_hall_of_blades_hangedman_original [mumra_blade_entry_bloodbath],
          layout_gridlike, serial_sigils_hangedman_gut
Elf:3:    minmay_elf_hall_not_hex, layout_loops_corners, mu_enter_wizlab_3,
          serial_shops, nicolae_square_shop, uniq_zenata
Vaults:1: v_misc_13, nicolae_vaults_alarming, ontoclasm_vaults_decontamination,
          v_misc_29, vaults_room_large_hall, nicolae_vaults_what_the_h,
          hangedman_vaults_hat, nicolae_vaults_three_branches,
          hangedman_vaults_stretched_pinwheel, v_misc_17,
          nicolae_vaults_branching_niches, grunt_vaults_bifocal,
          ontoclasm_vaults_gateway, layout_vaults_omnibox, serial_shops,
          nicolae_lakefront_shop
Vaults:2: gammafunk_dig_for_victory, ontoclasm_vaults_tryst,
          nicolae_vaults_network_s, ontoclasm_vaults_ring_small,
          nicolae_vaults_little_squares_2, dpeg_vaults_monster_row,
          layout_vaults_omnigrid, minmay_crypt_entry_simple_corners, uniq_jory
Vaults:3: hangedman_vaults_restitches, hangedman_vaults_locks, v_misc_13,
          nicolae_vaults_yaktaur_gun_rack, vaults_mumra_lcd,
          ontoclasm_vaults_loading_screen, vaults_dpeg_emergency_exit,
          v_misc_28, st_lattice, hangedman_vaults_slice, layout_vaults_big_room,
          serial_shops, shop
Vaults:4: vaults_room_fours, hangedman_vaults_pinch, vaults_dpeg_spiral,
          hangedman_vaults_capsules, vaults_mumra_hex, nicolae_vaults_big_ls,
          nicolae_vaults_stairing_the_circle, nicolae_vaults_little_squares_6,
          nicolae_vaults_angled_halls, ontoclasm_vaults_pinch,
          ontoclasm_vaults_shuriken, vaults_room_hallway,
          layout_vaults_maze_snakey
Vaults:5: uniq_saint_roka
Crypt:1:  layout_basic, uniq_grunn
Crypt:2:  layout_rooms, grunt_ministairs_1
Crypt:3:  david_glass_crypt, layout_misc_corridors, tomb_entry_sphere_bobbens
Tomb:1
Depths:1: gammafunk_sealed_library, layout_cave_shapes, minmay_room_of_horrors,
          grunt_pan_entry_zigzag, chequers_decorated_corner,
          hangedman_tar_grid_catacomb, kennysheep_cluttered_room,
          guppyfry_shop_earth
Depths:2: minmay_swirls_squares, layout_gridlike, trog_three_pillars_becter,
          rand_demon_pan_entry_5, serial_shops, bzr_entry_gold,
          grunt_hell_entry_dis_old
Depths:3: kennysheep_demon_jail, layout_honeycomb, enter_ziggurat_d, hell_entry,
          abyss_entry, wad_floor_pattern_untrapped, kennysheep_flooded_box,
          kennysheep_generic_room_10
Depths:4: evilmike_zot_entry_basic, layout_cave_shapes, serial_shops, shop,
          minmay_misc_feat_hallway, pf_coc_iceberg, rand_demon_pan_entry_1,
          minmay_shop_star, grunt_megastairs_3, uniq_margery

Skill      XL: |  1  2  3  4  5  6  7  8  9 10 11 12 13 14 15 16 17 18 19 20 21 22 23 24 25 |
---------------+----------------------------------------------------------------------------+-----
Unarmed Combat | 3 5 6 7 9 10 12 13 14 15 17 18 19 20 21 22 23 24 25 26 27 | 27.0
Fighting       | 3 4 5 7 8 9 10 11 12 13 14 15 16 17 18 19 | 19.9
Dodging        | 3 |  3.0
Armour         | 1 3 4 6 8 9 11 12 13 14 15 16 17 18 19 20 21 22 23 24 25 | 25.0
Throwing       | 3 5 7 8 |  8.0
Shields        | 1 5 7 9 10 12 13 14 15 16 17 18 20 | 20.1
Evocations     | 4 6 8 9 12 | 12.0
Spellcasting   | 3 7 8 |  8.2
Stealth        | |  2.2

Action                     |  1- 3 |  4- 6 |  7- 9 | 10-12 | 13-15 | 16-18 | 19-21 | 22-24 | 25-27 || total
---------------------------+-------+-------+-------+-------+-------+-------+-------+-------+-------++-------
  Melee: Unarmed           |    85 |   145 |   270 |   425 |  1050 |  1046 |  1118 |  1489 |   664 ||  6292
         Tailslap          |    15 |    21 |    46 |    85 |   219 |   211 |   234 |   342 |   132 ||  1305
         Punch             |       |       |    16 |    43 |    23 |       |       |       |       ||    82
         Kick              |       |       |       |       |       |   415 |   533 |   752 |   313 ||  2013
  Throw: Dart              |       |       |       |       |     3 |       |       |       |       ||     3
 Invoke: Ancestor Life: He |       |     1 |       |       |       |       |       |       |       ||     1
         Recall Ancestor   |       |     1 |     1 |       |     4 |     4 |     6 |     1 |     3 ||    20
Ability: Evoke Blink       |       |       |       |       |       |       |     2 |       |       ||     2
  Evoke: Wand              |       |       |       |       |     6 |     3 |       |       |       ||     9
    Use: Potion            |     4 |       |     4 |     2 |     2 |     3 |     7 |       |     3 ||    25
         Scroll            |       |     5 |     6 |     7 |    12 |     1 |     2 |     3 |     2 ||    38
   Stab: Sleeping          |     4 |     7 |       |       |       |       |       |       |       ||    11
         Confused          |       |     1 |     4 |     9 |    13 |    18 |    51 |    98 |    34 ||   228
         Distracted        |       |       |     3 |     9 |    11 |    14 |     8 |    17 |     6 ||    68
         Petrified         |       |       |       |       |     1 |       |       |       |       ||     1
         Paralysed         |       |       |       |       |    32 |    64 |    63 |    67 |    39 ||   265
 Armour: Robe              |    20 |     9 |       |       |       |       |       |       |       ||    29
         Skin              |     2 |       |       |       |       |       |       |       |       ||     2
         Ring mail         |       |    44 |    26 |       |       |       |       |       |       ||    70
         Plate armour      |       |       |   172 |   334 |   749 |   507 |   339 |   492 |   165 ||  2758
  Dodge: Dodged            |    21 |    49 |    68 |   100 |   140 |   152 |   123 |   139 |    40 ||   832
  Block: Tower shield      |       |       |       |       |   770 |   858 |   775 |  1002 |   418 ||  3823

Table legend: (Time is in decaauts)
 A = Elapsed time spent in this place.
 B = Non-inter-level travel time spent in this place.
 C = Inter-level travel time spent in this place.
 D = Time resting spent in this place.
 E = Time spent auto-exploring this place.
 F = Levels seen in this place.
 G = Mean time per level.
                   A        B        C        D        E       F      G
               +--------+--------+--------+--------+--------+-----+--------+
         Total |  67944 |  64042 |   3902 |  15605 |  36403 |  52 | 1306.6 |
       Dungeon |  15087 |  13885 |   1202 |   1681 |  10014 |  15 | 1005.8 |
          Lair |   8268 |   7652 |    616 |   1407 |   4935 |   5 | 1653.6 |
         Swamp |   5664 |   5521 |    143 |   2214 |   2362 |   4 | 1416.0 |
   Spider Nest |   5611 |   5378 |    233 |    834 |   3775 |   4 | 1402.8 |
  Orcish Mines |   2545 |   2394 |    151 |    637 |   1259 |   2 | 1272.5 |
   Elven Halls |   6373 |   6156 |    217 |   2295 |   2765 |   3 | 2124.3 |
        Vaults |  11284 |  10494 |    790 |   3137 |   5379 |   5 | 2256.8 |
         Crypt |   2833 |   2639 |    194 |    961 |   1168 |   3 |  944.3 |
          Tomb |    960 |    960 |      0 |    400 |    302 |   1 |  960.0 |
        Depths |   6174 |   5822 |    352 |   1362 |   3431 |   4 | 1543.5 |
         Abyss |   2632 |   2632 |      0 |    481 |    887 |   4 |  658.0 |
        Bazaar |    139 |    139 |      0 |      0 |    112 |   1 |  139.0 |
      Ice Cave |    370 |    370 |      0 |    190 |     12 |   1 |  370.0 |
               +--------+--------+--------+--------+--------+-----+--------+

Top non-repeatable levels by time:
Vaults:2: 3402 daAuts
   Elf:2: 2868 daAuts
Vaults:5: 2374 daAuts
  Lair:3: 2363 daAuts
  Lair:5: 2188 daAuts
     D:5: 2180 daAuts
Vaults:1: 2133 daAuts
Vaults:4: 2025 daAuts
 Swamp:2: 2018 daAuts
   Elf:3: 1963 daAuts
Depths:1: 1788 daAuts
Spider:4: 1676 daAuts
Depths:3: 1647 daAuts
Depths:2: 1622 daAuts
Spider:3: 1606 daAuts
